Oilers vs Canadiens
(R3)
Created - 10 mai 2016 at 20:32
Goals
|
| Oilers |
0 |
2 |
3 |
5 |
| Canadiens |
2 |
0 |
2 |
4 |
|
Shots
|
| Oilers |
10 |
11 |
17 |
38 |
| Canadiens |
20 |
9 |
11 |
40 |
|
1st period
1. Canadiens , Drew Miller 4 (Rene Bourque, Dan Boyle) at 6:33
2. Canadiens , Marc Savard 4 (Marek Svatos) at 13:24
Penalties :
Ian White (Edm) for Hooking (Minor) at 10:27, Denis Grebeshkov (Mon) for Roughing (Minor) at 16:07
2nd period
3. Oilers , Jonathan Toews 1 (Patrick Kane) at 11:08 (PP)
4. Oilers , Danny Richmond 3 (Patrick Kane, Zach Bogosian) at 19:26 (PP)
Penalties :
Marek Svatos (Mon) for Fighting (Major) at 1:17, Ian White (Edm) for Fighting (Major) at 1:17, Rene Bourque (Mon) for Holding Stick (Minor) at 1:44, Dustin Boyd (Mon) for Hooking (Minor) at 4:13, Maxim Talbot (Mon) for Hooking (Minor) at 8:39, Ilya Kovalchuk (Edm) for Tripping (Minor) at 9:04, Marc Savard (Mon) for Roughing (Minor) at 11:04, Drew Miller (Mon) for Roughing (Minor) at 19:10
3rd period
5. Oilers , Steve Begin 1 (Wayne Simmonds, David Hale) at 3:53
6. Oilers , Patrick Kane 3 (Tomas Fleischmann, Paul Stastny) at 5:21
7. Canadiens , Patrick Sharp 4 (Jiri Fischer, Marek Svatos) at 6:11
8. Canadiens , Dennis Wideman 1 (Marc Savard, Patrick Sharp) at 7:41 (PP)
9. Oilers , Ian White 1 (Patrick Kane, Stephane Robidas) at 18:10 (PP)
Penalties :
Rene Bourque (Mon) for Hooking (Minor) at 1:22, Kurt Sauer (Edm) for Interference (Minor) at 6:35, Patrick Sharp (Mon) for Hooking (Minor) at 17:54, Ilya Kovalchuk (Edm) for High sticking (Minor) at 19:40
Goalie Stats
Cam Ward (Edm), 36 saves from 40 shots - (0,900), W, 3-2-0, 60:00 minutes
Jonathan Bernier (Mon), 33 saves from 38 shots - (0,868), L, 2-3-0, 58:55 minutes
Players Stats for Oilers
Player Name G A P +/- PIM S H SB GA TA FO MP PP MP PK MP
------------------------------------------------------------------------------------
Brian Sutherby 0 0 0 0 0 1 0 0 0 0 1/5 7:46 0:00 1:24
Danny Richmond 1 0 1 1 0 1 0 0 0 2 0/0 27:16 4:36 1:53
David Hale 0 1 1 0 0 3 0 1 0 0 0/0 14:26 0:00 1:44
Ian White 1 0 1 0 7 1 1 1 0 1 0/0 18:12 2:18 0:54
Ilya Kovalchuk 0 0 0 -1 4 7 0 0 0 0 0/3 22:29 5:28 1:38
Jonathan Toews 1 0 1 -1 0 5 0 1 0 0 18/34 21:37 5:29 0:00
Kurt Sauer 0 0 0 1 2 1 0 0 0 0 0/0 21:10 2:03 1:04
Oleg Saprykin 0 0 0 0 0 0 0 0 0 0 1/1 11:56 0:00 1:37
Patrick Kaleta 0 0 0 0 0 0 1 0 0 0 0/0 9:10 0:00 0:00
Patrick Kane 1 3 4 0 0 5 1 0 1 1 1/3 22:43 5:29 0:24
Paul Stastny 0 1 1 0 0 2 0 0 1 1 6/21 19:01 3:28 0:02
Peter Regin 0 0 0 0 0 2 1 0 0 0 2/4 11:28 0:00 2:17
Stephane Robidas 0 1 1 -2 0 1 1 1 0 1 0/0 19:56 4:39 1:32
Steve Begin 1 0 1 0 0 1 1 0 1 0 0/0 6:23 0:00 0:16
Ted Purcell 0 0 0 -1 0 2 2 2 0 1 0/2 17:22 3:28 0:00
Tomas Fleischmann 0 1 1 0 0 4 6 1 0 1 1/1 18:08 3:28 0:00
Wayne Simmonds 0 1 1 0 0 2 0 0 0 0 0/0 6:30 0:00 0:00
Zach Bogosian 0 1 1 -2 0 0 0 3 0 0 0/0 18:59 4:18 0:31
Players Stats for Canadiens
Player Name G A P +/- PIM S H SB GA TA FO MP PP MP PK MP
------------------------------------------------------------------------------------
Brooks Laich 0 0 0 1 0 1 5 0 0 0 10/15 16:57 1:26 2:42
Cam Janssen 0 0 0 0 0 0 0 0 0 0 0/0 7:47 0:09 0:00
Dan Boyle 0 1 1 0 0 1 2 0 0 1 0/0 20:08 2:44 0:21
Denis Grebeshkov 0 0 0 0 2 1 1 3 1 1 0/0 16:07 1:02 2:42
Dennis Wideman 1 0 1 1 0 6 3 0 0 0 0/0 28:47 2:44 3:30
Devin Setoguchi 0 0 0 0 0 4 0 0 0 0 0/1 9:47 1:26 0:00
Drew Miller 1 0 1 1 2 4 0 0 0 0 0/0 18:31 1:26 5:24
Dustin Boyd 0 0 0 0 2 2 0 0 1 0 1/3 7:40 0:00 0:08
Greg Stewart 0 0 0 0 0 0 1 0 0 0 0/0 15:02 0:09 2:55
Jiri Fischer 0 1 1 1 0 2 0 3 2 0 0/0 25:01 0:03 5:27
Ladislav Smid 0 0 0 0 0 1 1 3 0 1 0/0 16:41 0:03 5:27
Marc Savard 1 1 2 0 2 4 2 1 1 0 22/32 19:40 2:14 0:00
Marek Svatos 0 2 2 0 5 5 2 1 0 0 0/2 19:45 2:11 1:31
Matt Carle 0 0 0 0 0 2 0 0 0 0 0/0 15:08 1:02 0:27
Maxim Talbot 0 0 0 0 2 2 0 1 0 0 10/19 14:33 0:12 5:06
Patrick Sharp 1 1 2 0 2 4 2 0 1 0 1/2 19:49 2:14 0:08
Rene Bourque 0 1 1 1 4 0 0 0 2 0 0/0 11:01 0:00 0:00
Riley Cote 0 0 0 0 0 1 3 0 0 0 0/0 6:56 0:00 0:00
3 Stars
1 - Patrick Kane (Edm)
2 - Dennis Wideman (Mon)
3 - Marc Savard (Mon)
Power Play
Oilers - 3 on 8 Attempt(s) - 37,50%
Canadiens - 1 on 4 Attempt(s) - 25,00%
Penalty Kill
Oilers - 3 on 4 Attempt(s) - 75,00%
- Score 0 goal in Penalty Kill
Canadiens - 5 on 8 Attempt(s) - 62,50%
- Score 0 goal in Penalty Kill
Team Stat
Oilers - Hits : 14 - Faceoff Wins : 30 - Blocked Shots : 10 - Penalty Minutes : 13
Canadiens - Hits : 22 - Faceoff Wins : 44 - Blocked Shots : 12 - Penalty Minutes : 21
Official
Referees : Watson Brad and Lee Chris
Linesman : Jay Sharrers and Mark Shewchyk
Game Notes
Marek Svatos beats up Ian White at 1:17 of 2nd period
Finance
Level 1 -- Attendance: 6000 (100,00%) -- Ticket Income 516 000 $
Level 2 -- Attendance: 5000 (100,00%) -- Ticket Income 250 000 $
Level 3 -- Attendance: 2000 (100,00%) -- Ticket Income 62 000 $
Level 4 -- Attendance: 4000 (100,00%) -- Ticket Income 88 000 $
Luxury Box -- Attendance: 1000 (100,00%) -- Ticket Income 165 000 $
Game was played at the Centre Bell.
Total Attendance: 18000 (100,00%)
Total Ticket Income: 1 081 000 $
Other Income: 162 150 $
Total Income: 1 243 150 $
Oilers
5 vs 5 Forward
Center Left Wing Right Wing Time % Phy DF OF
1 Jonathan Toews Ilya Kovalchuk Ted Purcell 38 1 2 2
2 Paul Stastny Tomas Fleischmann Patrick Kane 37 1 2 2
3 Peter Regin Oleg Saprykin Patrick Kaleta 15 1 2 2
4 Brian Sutherby Steve Begin Wayne Simmonds 10 1 2 2
5 vs 5 Defense
Defense Defense Time % Phy DF OF
1 Danny Richmond Kurt Sauer 37 1 2 2
2 Ian White David Hale 32 1 2 2
3 Stephane Robidas Zach Bogosian 26 1 2 2
4 Ian White Stephane Robidas 5 1 2 2
PowerPlay Forward
Center Left Wing Right Wing Time % Phy DF OF
1 Jonathan Toews Ilya Kovalchuk Patrick Kane 65 0 2 3
2 Paul Stastny Tomas Fleischmann Ted Purcell 35 0 2 3
PowerPlay Defense
Defense Defense Time % Phy DF OF
1 Ian White Stephane Robidas 50 1 2 2
2 Danny Richmond Zach Bogosian 50 1 2 2
Penalty Kill 4 Players Forward
Center Wing Time % Phy DF OF
1 Peter Regin Ilya Kovalchuk 50 1 3 1
2 Brian Sutherby Oleg Saprykin 50 1 3 1
Penalty Kill 4 Players Defense
Defense Defense Time % Phy DF OF
1 Ian White David Hale 50 1 3 1
2 Danny Richmond Kurt Sauer 50 1 3 1
Penalty Kill - 3 Players Forward
Forward Time % Phy DF OF
1 Ilya Kovalchuk 50 1 4 0
2 Jonathan Toews 50 1 4 0
Penalty Kill - 3 Players Defense
Defense Defense Time % Phy DF OF
1 Ian White Stephane Robidas 50 1 4 0
2 Danny Richmond Kurt Sauer 50 1 4 0
4 vs 4 Forward
Center Wing Time % Phy DF OF
1 Paul Stastny Patrick Kane 50 1 2 2
2 Jonathan Toews Ilya Kovalchuk 50 1 2 2
4 vs 4 Defense
Defense Defense Time % Phy DF OF
1 Ian White Stephane Robidas 50 1 2 2
2 Danny Richmond Kurt Sauer 50 1 2 2
Last Minutes Offensive
Center Left Wing Right Wing Defense Defense
Jonathan Toews Ilya Kovalchuk Patrick Kane Danny Richmond Ian White
Last Minutes Defensive
Center Left Wing Right Wing Defense Defense
Jonathan Toews Ilya Kovalchuk Patrick Kane Danny Richmond Ian White
Goaltenders
Starting : Cam Ward
Backup : Sebastien Caron
Extra Forwards
Normal : Patrick Kane, Ilya Kovalchuk, Jonathan Toews - PP : Ted Purcell, Wayne Simmonds - PK : Patrick Kane
Extra Defensemen
Normal : Zach Bogosian, Stephane Robidas, Ian White - PP : Kurt Sauer - PK : Stephane Robidas, Zach Bogosian
Penalty Shots
Patrick Kane, Ilya Kovalchuk, Jonathan Toews, Paul Stastny, Tomas Fleischmann
Canadiens
5 vs 5 Forward
Center Left Wing Right Wing Time % Phy DF OF
1 Marc Savard Patrick Sharp Marek Svatos 40 1 2 2
2 Brooks Laich Drew Miller Rene Bourque 30 1 2 2
3 Maxim Talbot Greg Stewart Devin Setoguchi 20 1 2 2
4 Dustin Boyd Riley Cote Cam Janssen 10 1 2 2
5 vs 5 Defense
Defense Defense Time % Phy DF OF
1 Jiri Fischer Dennis Wideman 40 1 2 2
2 Dan Boyle Matt Carle 30 1 2 2
3 Ladislav Smid Denis Grebeshkov 20 1 2 2
4 Dan Boyle Dennis Wideman 10 1 2 2
PowerPlay Forward
Center Left Wing Right Wing Time % Phy DF OF
1 Marc Savard Patrick Sharp Marek Svatos 60 1 2 2
2 Brooks Laich Drew Miller Devin Setoguchi 40 1 2 2
PowerPlay Defense
Defense Defense Time % Phy DF OF
1 Dan Boyle Dennis Wideman 60 1 2 2
2 Denis Grebeshkov Matt Carle 40 1 2 2
Penalty Kill 4 Players Forward
Center Wing Time % Phy DF OF
1 Maxim Talbot Drew Miller 60 1 2 2
2 Brooks Laich Greg Stewart 40 1 2 2
Penalty Kill 4 Players Defense
Defense Defense Time % Phy DF OF
1 Jiri Fischer Ladislav Smid 60 1 2 2
2 Denis Grebeshkov Dennis Wideman 40 1 2 2
Penalty Kill - 3 Players Forward
Forward Time % Phy DF OF
1 Marc Savard 60 1 2 2
2 Brooks Laich 40 1 2 2
Penalty Kill - 3 Players Defense
Defense Defense Time % Phy DF OF
1 Jiri Fischer Ladislav Smid 60 1 2 2
2 Denis Grebeshkov Dennis Wideman 40 1 2 2
4 vs 4 Forward
Center Wing Time % Phy DF OF
1 Marc Savard Patrick Sharp 60 1 2 2
2 Maxim Talbot Drew Miller 40 1 2 2
4 vs 4 Defense
Defense Defense Time % Phy DF OF
1 Dan Boyle Dennis Wideman 60 1 2 2
2 Jiri Fischer Ladislav Smid 40 1 2 2
Last Minutes Offensive
Center Left Wing Right Wing Defense Defense
Marc Savard Patrick Sharp Marek Svatos Dan Boyle Dennis Wideman
Last Minutes Defensive
Center Left Wing Right Wing Defense Defense
Marc Savard Drew Miller Rene Bourque Jiri Fischer Dennis Wideman
Goaltenders
Starting : Jonathan Bernier
Backup : Miika Kiprusoff
Extra Forwards
Normal : Greg Stewart, Maxim Talbot, Dustin Boyd - PP : Maxim Talbot, Greg Stewart - PK : Marek Svatos
Extra Defensemen
Normal : Jiri Fischer, Matt Carle, Dennis Wideman - PP : Jiri Fischer - PK : Matt Carle, Dennis Wideman
Penalty Shots
Marc Savard, Drew Miller, Patrick Sharp, Rene Bourque, Marek Svatos
% Time on Ice - Oilers
Lines # - Real PCT - Wanted PCT - Time Play
Normal Forward
1 - 32% - 38% - 14:20
2 - 34% - 37% - 15:12
3 - 20% - 15% - 9:10
4 - 14% - 10% - 6:06
Normal Defense
1 - 40% - 37% - 17:44
2 - 34% - 32% - 15:04
3 - 25% - 26% - 11:08
4 - 2% - 5% - 0:52
PP Forward
1 - 61% - 65% - 5:29
2 - 39% - 35% - 3:28
PP Defense
1 - 52% - 50% - 4:39
2 - 48% - 50% - 4:18
PK Forward
1 - 61% - 50% - 2:19
2 - 39% - 50% - 1:30
PK Defense
1 - 56% - 50% - 2:08
2 - 44% - 50% - 1:41
PK3 Forward
1 - 0% - 50%
2 - 0% - 50%
PK3 Defense
1 - 0% - 50%
2 - 0% - 50%
44 Forward
1 - 38% - 50% - 0:36
2 - 62% - 50% - 0:58
44 Defense
1 - 54% - 50% - 0:51
2 - 46% - 50% - 0:43
Last Minute Offensive - 0:00
Last Minute Defensive - 0:52
Total
Forward - 60:00
Defense - 60:00
|
% Time on Ice - Canadiens
Lines # - Real PCT - Wanted PCT - Time Play
Normal Forward
1 - 37% - 40% - 16:36
2 - 29% - 30% - 12:58
3 - 19% - 20% - 8:21
4 - 15% - 10% - 6:56
Normal Defense
1 - 43% - 40% - 19:15
2 - 31% - 30% - 13:58
3 - 23% - 20% - 10:11
4 - 3% - 10% - 1:27
PP Forward
1 - 62% - 60% - 2:23
2 - 38% - 40% - 1:26
PP Defense
1 - 72% - 60% - 2:44
2 - 28% - 40% - 1:05
PK Forward
1 - 75% - 60% - 6:43
2 - 25% - 40% - 2:14
PK Defense
1 - 61% - 60% - 5:27
2 - 39% - 40% - 3:30
PK3 Forward
1 - 0% - 60%
2 - 0% - 40%
PK3 Defense
1 - 0% - 60%
2 - 0% - 40%
44 Forward
1 - 79% - 60% - 1:14
2 - 21% - 40% - 0:20
44 Defense
1 - 68% - 60% - 1:04
2 - 32% - 40% - 0:30
Last Minute Offensive - 0:49
Last Minute Defensive - 0:00
Total
Forward - 60:00
Defense - 60:00
|
Play by Play
1st period
0:01 of 1st period - Marc Savard wins face-off versus Jonathan Toews in neutral zone.
1:15 of 1st period - Steve Begin is hit by Riley Cote and loses puck.
1:32 of 1st period - Marek Svatos is hit by Ted Purcell and loses puck.
2:15 of 1st period - Snap shot by Peter Regin.
2:15 of 1st period - Shot Blocked by Jiri Fischer.
2:17 of 1st period - Slapshot by Oleg Saprykin.
2:17 of 1st period - Shot Misses the Net.
2:19 of 1st period - Slapshot by David Hale.
2:19 of 1st period - Stopped by Jonathan Bernier without a rebound.
2:20 of 1st period - Marc Savard wins face-off versus Peter Regin in Canadiens zone.
3:06 of 1st period - Snap shot by Peter Regin.
3:06 of 1st period - Stopped by Jonathan Bernier with a rebound.
3:18 of 1st period - Backhand shot by Oleg Saprykin.
3:18 of 1st period - Shot Blocked by Denis Grebeshkov.
3:20 of 1st period - Wrist shot by Zach Bogosian.
3:20 of 1st period - Shot Blocked by Marc Savard.
3:22 of 1st period - Slapshot by Zach Bogosian.
3:22 of 1st period - Shot Misses the Net.
3:24 of 1st period - Slapshot by Zach Bogosian.
3:24 of 1st period - Deflect By Patrick Kaleta.
3:24 of 1st period - Shot Blocked by Denis Grebeshkov.
3:24 of 1st period - Puck is out of play.
3:25 of 1st period - Brooks Laich wins face-off versus Ilya Kovalchuk in Canadiens zone.
3:30 of 1st period - Slapshot by Dennis Wideman.
3:30 of 1st period - Stopped by Cam Ward without a rebound.
3:31 of 1st period - Jonathan Toews wins face-off versus Brooks Laich in Oilers zone.
3:40 of 1st period - Wrist shot by Jonathan Toews.
3:40 of 1st period - Stopped by Jonathan Bernier with a rebound.
4:27 of 1st period - Wrist shot by Steve Begin.
4:27 of 1st period - Deflect By Brian Sutherby.
4:27 of 1st period - Shot Misses the Net.
4:27 of 1st period - Puck is out of play.
4:28 of 1st period - Brooks Laich wins face-off versus Jonathan Toews in Canadiens zone.
4:35 of 1st period - Ilya Kovalchuk is hit by Dan Boyle and loses puck.
4:54 of 1st period - Rene Bourque is hit by Ian White and loses puck.
5:01 of 1st period - Snap shot by Wayne Simmonds.
5:01 of 1st period - Stopped by Jonathan Bernier without a rebound.
5:02 of 1st period - Marc Savard wins face-off versus Paul Stastny in Canadiens zone.
5:07 of 1st period - Snap shot by Marc Savard.
5:07 of 1st period - Stopped by Cam Ward without a rebound.
5:08 of 1st period - Tomas Fleischmann wins face-off versus Marc Savard in Oilers zone.
5:13 of 1st period - Snap shot by Tomas Fleischmann.
5:13 of 1st period - Deflect By Patrick Kane.
5:13 of 1st period - Stopped by Jonathan Bernier without a rebound.
5:14 of 1st period - Maxim Talbot wins face-off versus Paul Stastny in Canadiens zone.
5:28 of 1st period - Off-side.
5:29 of 1st period - Marc Savard wins face-off versus Ilya Kovalchuk in neutral zone.
5:38 of 1st period - Snap shot by Marek Svatos.
5:38 of 1st period - Stopped by Cam Ward with a rebound.
5:40 of 1st period - Snap shot by Marek Svatos.
5:40 of 1st period - Stopped by Cam Ward without a rebound.
5:41 of 1st period - Marc Savard wins face-off versus Jonathan Toews in Oilers zone.
6:08 of 1st period - Maxim Talbot is hit by Tomas Fleischmann and loses puck.
6:17 of 1st period - Wrist shot by Patrick Kane.
6:17 of 1st period - Stopped by Jonathan Bernier with a rebound.
6:33 of 1st period - Snap shot by Drew Miller.
6:33 of 1st period - Goal by Drew Miller - Oilers : 0 - Canadiens : 1.
6:34 of 1st period - Marc Savard wins face-off versus Jonathan Toews in neutral zone.
7:01 of 1st period - Snap shot by Dustin Boyd.
7:01 of 1st period - Stopped by Cam Ward with a rebound.
7:03 of 1st period - Slapshot by Ladislav Smid.
7:03 of 1st period - Shot Blocked by Ted Purcell.
7:05 of 1st period - Snap shot by Riley Cote.
7:05 of 1st period - Stopped by Cam Ward without a rebound.
7:06 of 1st period - Paul Stastny wins face-off versus Dustin Boyd in Oilers zone.
7:06 of 1st period - Paul Stastny is hit by Riley Cote.
7:21 of 1st period - Slapshot by Dustin Boyd.
7:21 of 1st period - Stopped by Cam Ward with a rebound.
7:38 of 1st period - Slapshot by Tomas Fleischmann.
7:38 of 1st period - Stopped by Jonathan Bernier with a rebound.
8:05 of 1st period - Snap shot by Tomas Fleischmann.
8:05 of 1st period - Shot Blocked by Ladislav Smid.
8:07 of 1st period - Wrist shot by Tomas Fleischmann.
8:07 of 1st period - Deflect By Denis Grebeshkov.
8:07 of 1st period - Stopped by Jonathan Bernier without a rebound.
8:08 of 1st period - Jonathan Toews wins face-off versus Brooks Laich in Canadiens zone.
8:24 of 1st period - Icing by Dennis Wideman.
8:25 of 1st period - Brooks Laich wins face-off versus Brian Sutherby in Canadiens zone.
8:40 of 1st period - Slapshot by Stephane Robidas.
8:40 of 1st period - Shot Misses the Net.
8:50 of 1st period - Patrick Sharp is hit by Ted Purcell and loses puck.
9:42 of 1st period - Snap shot by Peter Regin.
9:42 of 1st period - Stopped by Jonathan Bernier without a rebound.
9:43 of 1st period - Marc Savard wins face-off versus Patrick Kane in Canadiens zone.
10:27 of 1st period - Minor Penalty to Ian White for Hooking.
10:28 of 1st period - Peter Regin wins face-off versus Marc Savard in Oilers zone.
11:05 of 1st period - Wrist shot by Devin Setoguchi.
11:05 of 1st period - Stopped by Cam Ward with a rebound.
12:27 of 1st period - Penalty to Ian White is over, Ian White is back on ice.
12:28 of 1st period - Icing by Dennis Wideman.
12:29 of 1st period - Paul Stastny wins face-off versus Maxim Talbot in Canadiens zone.
12:36 of 1st period - Wrist shot by Dennis Wideman.
12:36 of 1st period - Deflect By Danny Richmond.
12:36 of 1st period - Stopped by Cam Ward with a rebound.
13:00 of 1st period - Slapshot by Greg Stewart.
13:00 of 1st period - Shot Misses the Net.
13:02 of 1st period - Slapshot by Dan Boyle.
13:02 of 1st period - Deflect By Maxim Talbot.
13:02 of 1st period - Stopped by Cam Ward with a rebound.
13:04 of 1st period - Slapshot by Dan Boyle.
13:04 of 1st period - Shot Hit the Post.
13:06 of 1st period - Slapshot by Greg Stewart.
13:06 of 1st period - Shot Misses the Net.
13:08 of 1st period - Slapshot by Dan Boyle.
13:08 of 1st period - Stopped by Cam Ward without a rebound.
13:09 of 1st period - Marc Savard wins face-off versus Ted Purcell in Oilers zone.
13:24 of 1st period - Slapshot by Marc Savard.
13:24 of 1st period - Goal by Marc Savard - Oilers : 0 - Canadiens : 2.
13:25 of 1st period - Brooks Laich wins face-off versus Jonathan Toews in neutral zone.
13:29 of 1st period - Icing by Jonathan Toews.
13:30 of 1st period - Brooks Laich wins face-off versus Jonathan Toews in Oilers zone.
13:37 of 1st period - Wrist shot by Drew Miller.
13:37 of 1st period - Stopped by Cam Ward without a rebound.
13:38 of 1st period - Marc Savard wins face-off versus Jonathan Toews in Oilers zone.
14:05 of 1st period - Brooks Laich is hit by Tomas Fleischmann and loses puck.
14:16 of 1st period - Snap shot by Brooks Laich.
14:16 of 1st period - Stopped by Cam Ward with a rebound.
14:28 of 1st period - Snap shot by Dennis Wideman.
14:28 of 1st period - Shot Blocked by Zach Bogosian.
15:07 of 1st period - Wrist shot by Marek Svatos.
15:07 of 1st period - Stopped by Cam Ward with a rebound.
15:40 of 1st period - Dan Boyle is hit by Tomas Fleischmann and loses puck.
15:59 of 1st period - Snap shot by Drew Miller.
15:59 of 1st period - Stopped by Cam Ward with a rebound.
16:01 of 1st period - Slapshot by Matt Carle.
16:01 of 1st period - Stopped by Cam Ward without a rebound.
16:02 of 1st period - Jonathan Toews wins face-off versus Marc Savard in Oilers zone.
16:02 of 1st period - Jonathan Toews is hit by Patrick Sharp.
16:07 of 1st period - Minor Penalty to Denis Grebeshkov for Roughing.
16:08 of 1st period - Maxim Talbot wins face-off versus Jonathan Toews in Canadiens zone.
16:21 of 1st period - Snap shot by Maxim Talbot.
16:21 of 1st period - Stopped by Cam Ward without a rebound.
16:22 of 1st period - Maxim Talbot wins face-off versus Jonathan Toews in Oilers zone.
16:25 of 1st period - Snap shot by Maxim Talbot.
16:25 of 1st period - Shot Blocked by Jonathan Toews.
16:35 of 1st period - Slapshot by Ilya Kovalchuk.
16:35 of 1st period - Shot Misses the Net.
16:37 of 1st period - Slapshot by Danny Richmond.
16:37 of 1st period - Shot Blocked by Ladislav Smid.
16:39 of 1st period - Wrist shot by Ilya Kovalchuk.
16:39 of 1st period - Stopped by Jonathan Bernier with a rebound.
18:03 of 1st period - Zach Bogosian is hit by Ladislav Smid and loses puck.
18:07 of 1st period - Penalty to Denis Grebeshkov is over, Denis Grebeshkov is back on ice.
18:44 of 1st period - Stephane Robidas is hit by Brooks Laich and loses puck.
19:16 of 1st period - Greg Stewart is hit by Patrick Kaleta and loses puck.
19:39 of 1st period - Snap shot by Peter Regin.
19:39 of 1st period - Shot Misses the Net.
19:45 of 1st period - David Hale is hit by Brooks Laich and loses puck.
19:54 of 1st period - Wrist shot by Denis Grebeshkov.
19:54 of 1st period - Stopped by Cam Ward with a rebound.
Goals for this period are 0 for Oilers vs 2 for Canadiens.
Shots for this period are 10 for Oilers vs 20 for Canadiens.
2nd period
0:01 of 2nd period - Jonathan Toews wins face-off versus Marc Savard in neutral zone.
0:30 of 2nd period - Slapshot by Dennis Wideman.
0:30 of 2nd period - Stopped by Cam Ward without a rebound.
0:31 of 2nd period - Maxim Talbot wins face-off versus Brian Sutherby in Oilers zone.
0:40 of 2nd period - Wrist shot by Greg Stewart.
0:40 of 2nd period - Shot Misses the Net.
0:42 of 2nd period - Slapshot by Matt Carle.
0:42 of 2nd period - Stopped by Cam Ward without a rebound.
0:43 of 2nd period - Marc Savard wins face-off versus Paul Stastny in Oilers zone.
0:56 of 2nd period - Wrist shot by Marek Svatos.
0:56 of 2nd period - Shot Misses the Net.
0:58 of 2nd period - Slapshot by Jiri Fischer.
0:58 of 2nd period - Stopped by Cam Ward without a rebound.
0:59 of 2nd period - Jonathan Toews wins face-off versus Maxim Talbot in Oilers zone.
1:04 of 2nd period - Wrist shot by Greg Stewart.
1:04 of 2nd period - Shot Blocked by Ted Purcell.
1:06 of 2nd period - Snap shot by Devin Setoguchi.
1:06 of 2nd period - Stopped by Cam Ward with a rebound.
1:08 of 2nd period - Snap shot by Devin Setoguchi.
1:08 of 2nd period - Stopped by Cam Ward with a rebound.
1:10 of 2nd period - Slapshot by Jiri Fischer.
1:10 of 2nd period - Stopped by Cam Ward with a rebound.
1:12 of 2nd period - Snap shot by Devin Setoguchi.
1:12 of 2nd period - Stopped by Cam Ward without a rebound.
1:13 of 2nd period - Marc Savard wins face-off versus Paul Stastny in Oilers zone.
1:17 of 2nd period - Marek Svatos beats up Ian White.
1:17 of 2nd period - Penalty to Marek Svatos for Fighting.
1:17 of 2nd period - Penalty to Ian White for Fighting.
1:18 of 2nd period - Marc Savard wins face-off versus Paul Stastny in Oilers zone.
1:44 of 2nd period - Minor Penalty to Rene Bourque for Holding Stick.
1:45 of 2nd period - Jonathan Toews wins face-off versus Maxim Talbot in Canadiens zone.
3:04 of 2nd period - Danny Richmond is hit by Brooks Laich and loses puck.
3:44 of 2nd period - Penalty to Rene Bourque is over, Rene Bourque is back on ice.
3:54 of 2nd period - Backhand shot by Dennis Wideman.
3:54 of 2nd period - Shot Blocked by Zach Bogosian.
4:02 of 2nd period - Zach Bogosian is hit by Dan Boyle and loses puck.
4:13 of 2nd period - Minor Penalty to Dustin Boyd for Hooking.
4:14 of 2nd period - Maxim Talbot wins face-off versus Paul Stastny in Canadiens zone.
5:05 of 2nd period - Off-side.
5:06 of 2nd period - Maxim Talbot wins face-off versus Paul Stastny in neutral zone.
5:13 of 2nd period - Icing by Tomas Fleischmann.
5:14 of 2nd period - Paul Stastny wins face-off versus Maxim Talbot in Oilers zone.
5:19 of 2nd period - Slapshot by Danny Richmond.
5:19 of 2nd period - Shot Blocked by Maxim Talbot.
5:40 of 2nd period - Wrist shot by Paul Stastny.
5:40 of 2nd period - Stopped by Jonathan Bernier without a rebound.
5:41 of 2nd period - Patrick Kane wins face-off versus Brooks Laich in Canadiens zone.
5:52 of 2nd period - Snap shot by Jonathan Toews.
5:52 of 2nd period - Deflect By Patrick Kane.
5:52 of 2nd period - Shot Misses the Net.
5:52 of 2nd period - Puck is out of play.
5:53 of 2nd period - Maxim Talbot wins face-off versus Jonathan Toews in Canadiens zone.
5:53 of 2nd period - Maxim Talbot is hit by Patrick Kane.
6:10 of 2nd period - Snap shot by Patrick Kane.
6:10 of 2nd period - Stopped by Jonathan Bernier without a rebound.
6:11 of 2nd period - Jonathan Toews wins face-off versus Maxim Talbot in Canadiens zone.
6:13 of 2nd period - Penalty to Dustin Boyd is over, Dustin Boyd is back on ice.
6:16 of 2nd period - Snap shot by Ilya Kovalchuk.
6:16 of 2nd period - Stopped by Jonathan Bernier without a rebound.
6:17 of 2nd period - Jonathan Toews wins face-off versus Marc Savard in Canadiens zone.
6:48 of 2nd period - Wrist shot by Peter Regin.
6:48 of 2nd period - Shot Blocked by Jiri Fischer.
7:36 of 2nd period - Tomas Fleischmann is hit by Riley Cote and loses puck.
8:05 of 2nd period - Slapshot by Zach Bogosian.
8:05 of 2nd period - Deflect By Peter Regin.
8:05 of 2nd period - Shot Misses the Net.
8:05 of 2nd period - Puck is out of play.
8:06 of 2nd period - Peter Regin wins face-off versus Maxim Talbot in Canadiens zone.
8:06 of 2nd period - Patrick Kaleta is hit by Dennis Wideman and loses puck.
8:19 of 2nd period - Dennis Wideman is hit by Stephane Robidas and loses puck.
8:37 of 2nd period - Slapshot by David Hale.
8:37 of 2nd period - Stopped by Jonathan Bernier with a rebound.
8:39 of 2nd period - Minor Penalty to Maxim Talbot for Hooking.
8:40 of 2nd period - Jonathan Toews wins face-off versus Marek Svatos in Canadiens zone.
8:43 of 2nd period - Snap shot by Ilya Kovalchuk.
8:43 of 2nd period - Stopped by Jonathan Bernier without a rebound.
8:44 of 2nd period - Jonathan Toews wins face-off versus Marek Svatos in Canadiens zone.
9:04 of 2nd period - Minor Penalty to Ilya Kovalchuk for Tripping.
9:05 of 2nd period - Paul Stastny wins face-off versus Marc Savard in Oilers zone.
10:39 of 2nd period - Penalty to Maxim Talbot is over, Maxim Talbot is back on ice.
11:04 of 2nd period - Penalty to Ilya Kovalchuk is over, Ilya Kovalchuk is back on ice.
11:04 of 2nd period - Minor Penalty to Marc Savard for Roughing.
11:05 of 2nd period - Jonathan Toews wins face-off versus Maxim Talbot in Canadiens zone.
11:08 of 2nd period - Wrist shot by Patrick Kane.
11:08 of 2nd period - Deflect By Jonathan Toews.
11:08 of 2nd period - Goal by Jonathan Toews - Oilers : 1 - Canadiens : 2.
11:09 of 2nd period - Marc Savard wins face-off versus Paul Stastny in neutral zone.
12:03 of 2nd period - Danny Richmond is hit by Greg Stewart and loses puck.
13:24 of 2nd period - Stephane Robidas is hit by Dennis Wideman and loses puck.
14:01 of 2nd period - Patrick Sharp is hit by Steve Begin and loses puck.
15:09 of 2nd period - Slapshot by Paul Stastny.
15:09 of 2nd period - Shot Misses the Net.
15:24 of 2nd period - Icing by Denis Grebeshkov.
15:25 of 2nd period - Jonathan Toews wins face-off versus Marc Savard in Canadiens zone.
15:28 of 2nd period - Snap shot by Ilya Kovalchuk.
15:28 of 2nd period - Shot Misses the Net.
15:30 of 2nd period - Slapshot by Kurt Sauer.
15:30 of 2nd period - Shot Blocked by Marek Svatos.
15:32 of 2nd period - Slapshot by Kurt Sauer.
15:32 of 2nd period - Stopped by Jonathan Bernier with a rebound.
15:34 of 2nd period - Slapshot by Kurt Sauer.
15:34 of 2nd period - Shot Blocked by Denis Grebeshkov.
15:58 of 2nd period - Snap shot by Tomas Fleischmann.
15:58 of 2nd period - Stopped by Jonathan Bernier without a rebound.
15:59 of 2nd period - Brooks Laich wins face-off versus Paul Stastny in Canadiens zone.
16:06 of 2nd period - Snap shot by Tomas Fleischmann.
16:06 of 2nd period - Shot Blocked by Jiri Fischer.
16:31 of 2nd period - Stephane Robidas is hit by Marc Savard and loses puck.
17:10 of 2nd period - Backhand shot by Brian Sutherby.
17:10 of 2nd period - Stopped by Jonathan Bernier without a rebound.
17:11 of 2nd period - Brian Sutherby wins face-off versus Dustin Boyd in Canadiens zone.
17:24 of 2nd period - Snap shot by Wayne Simmonds.
17:24 of 2nd period - Stopped by Jonathan Bernier without a rebound.
17:25 of 2nd period - Marc Savard wins face-off versus Paul Stastny in Canadiens zone.
18:37 of 2nd period - Slapshot by Ladislav Smid.
18:37 of 2nd period - Stopped by Cam Ward without a rebound.
18:38 of 2nd period - Marc Savard wins face-off versus Jonathan Toews in Oilers zone.
19:10 of 2nd period - Minor Penalty to Drew Miller for Roughing.
19:11 of 2nd period - Maxim Talbot wins face-off versus Jonathan Toews in Canadiens zone.
19:24 of 2nd period - Slapshot by Patrick Kane.
19:24 of 2nd period - Shot Hit the Post.
19:26 of 2nd period - Slapshot by Danny Richmond.
19:26 of 2nd period - Goal by Danny Richmond - Oilers : 2 - Canadiens : 2.
19:27 of 2nd period - Marc Savard wins face-off versus Jonathan Toews in neutral zone.
19:42 of 2nd period - Wrist shot by Marek Svatos.
19:42 of 2nd period - Deflect By Patrick Sharp.
19:42 of 2nd period - Stopped by Cam Ward without a rebound.
19:43 of 2nd period - Brooks Laich wins face-off versus Paul Stastny in Oilers zone.
19:55 of 2nd period - Patrick Kane is hit by Brooks Laich and loses puck.
Goals for this period are 2 for Oilers vs 0 for Canadiens.
Shots for this period are 11 for Oilers vs 9 for Canadiens.
3rd period
0:01 of 3rd period - Marc Savard wins face-off versus Ted Purcell in neutral zone.
0:13 of 3rd period - Snap shot by Marek Svatos.
0:13 of 3rd period - Shot Misses the Net.
0:15 of 3rd period - Wrist shot by Patrick Sharp.
0:15 of 3rd period - Deflect By Marek Svatos.
0:15 of 3rd period - Stopped by Cam Ward without a rebound.
0:16 of 3rd period - Brooks Laich wins face-off versus Patrick Kane in Oilers zone.
0:25 of 3rd period - Snap shot by Drew Miller.
0:25 of 3rd period - Stopped by Cam Ward with a rebound.
0:50 of 3rd period - Wrist shot by Ilya Kovalchuk.
0:50 of 3rd period - Stopped by Jonathan Bernier without a rebound.
0:51 of 3rd period - Jonathan Toews wins face-off versus Marc Savard in Canadiens zone.
1:18 of 3rd period - Patrick Kane is hit by Denis Grebeshkov and loses puck.
1:22 of 3rd period - Minor Penalty to Rene Bourque for Hooking.
1:23 of 3rd period - Maxim Talbot wins face-off versus Jonathan Toews in Canadiens zone.
1:33 of 3rd period - Off-side.
1:34 of 3rd period - Jonathan Toews wins face-off versus Maxim Talbot in neutral zone.
2:00 of 3rd period - Drew Miller is hit by Tomas Fleischmann and loses puck.
3:22 of 3rd period - Penalty to Rene Bourque is over, Rene Bourque is back on ice.
3:37 of 3rd period - Slapshot by Denis Grebeshkov.
3:37 of 3rd period - Shot Blocked by Ian White.
3:39 of 3rd period - Slapshot by Denis Grebeshkov.
3:39 of 3rd period - Deflect By Dustin Boyd.
3:39 of 3rd period - Shot Misses the Net.
3:39 of 3rd period - Puck is out of play.
3:40 of 3rd period - Marc Savard wins face-off versus Brian Sutherby in Oilers zone.
3:43 of 3rd period - Snap shot by Patrick Sharp.
3:43 of 3rd period - Shot Misses the Net.
3:51 of 3rd period - Snap shot by Wayne Simmonds.
3:51 of 3rd period - Shot Misses the Net.
3:53 of 3rd period - Snap shot by Wayne Simmonds.
3:53 of 3rd period - Deflect By Steve Begin.
3:53 of 3rd period - Goal by Steve Begin - Oilers : 3 - Canadiens : 2.
3:54 of 3rd period - Marc Savard wins face-off versus Jonathan Toews in neutral zone.
4:20 of 3rd period - Tomas Fleischmann is hit by Dennis Wideman and loses puck.
5:11 of 3rd period - Snap shot by Ilya Kovalchuk.
5:11 of 3rd period - Stopped by Jonathan Bernier with a rebound.
5:13 of 3rd period - Snap shot by Jonathan Toews.
5:13 of 3rd period - Stopped by Jonathan Bernier without a rebound.
5:14 of 3rd period - Paul Stastny wins face-off versus Marc Savard in Canadiens zone.
5:21 of 3rd period - Slapshot by Patrick Kane.
5:21 of 3rd period - Goal by Patrick Kane - Oilers : 4 - Canadiens : 2.
5:22 of 3rd period - Marc Savard wins face-off versus Paul Stastny in neutral zone.
5:29 of 3rd period - Backhand shot by Marc Savard.
5:29 of 3rd period - Shot Misses the Net.
5:31 of 3rd period - Snap shot by Marc Savard.
5:31 of 3rd period - Stopped by Cam Ward without a rebound.
5:32 of 3rd period - Paul Stastny wins face-off versus Patrick Sharp in Oilers zone.
5:55 of 3rd period - Wrist shot by Marc Savard.
5:55 of 3rd period - Shot Misses the Net.
5:57 of 3rd period - Snap shot by Marc Savard.
5:57 of 3rd period - Shot Blocked by Stephane Robidas.
6:07 of 3rd period - Backhand shot by Marek Svatos.
6:07 of 3rd period - Shot Blocked by Zach Bogosian.
6:09 of 3rd period - Snap shot by Jiri Fischer.
6:09 of 3rd period - Shot Blocked by Tomas Fleischmann.
6:11 of 3rd period - Snap shot by Patrick Sharp.
6:11 of 3rd period - Goal by Patrick Sharp - Oilers : 4 - Canadiens : 3.
6:12 of 3rd period - Jonathan Toews wins face-off versus Brooks Laich in neutral zone.
6:17 of 3rd period - Wrist shot by Jonathan Toews.
6:17 of 3rd period - Stopped by Jonathan Bernier with a rebound.
6:35 of 3rd period - Minor Penalty to Kurt Sauer for Interference.
6:36 of 3rd period - Patrick Sharp wins face-off versus Brian Sutherby in Oilers zone.
7:37 of 3rd period - Slapshot by Marc Savard.
7:37 of 3rd period - Shot Misses the Net.
7:39 of 3rd period - Slapshot by Dennis Wideman.
7:39 of 3rd period - Stopped by Cam Ward with a rebound.
7:41 of 3rd period - Slapshot by Dennis Wideman.
7:41 of 3rd period - Goal by Dennis Wideman - Oilers : 4 - Canadiens : 4.
7:42 of 3rd period - Brooks Laich wins face-off versus Paul Stastny in neutral zone.
8:19 of 3rd period - Cam Janssen is hit by Tomas Fleischmann and loses puck.
8:39 of 3rd period - Backhand shot by Dennis Wideman.
8:39 of 3rd period - Stopped by Cam Ward with a rebound.
8:41 of 3rd period - Slapshot by Devin Setoguchi.
8:41 of 3rd period - Shot Blocked by David Hale.
8:43 of 3rd period - Slapshot by Dennis Wideman.
8:43 of 3rd period - Shot Misses the Net.
8:59 of 3rd period - Snap shot by Ilya Kovalchuk.
8:59 of 3rd period - Stopped by Jonathan Bernier with a rebound.
9:01 of 3rd period - Wrist shot by Ted Purcell.
9:01 of 3rd period - Stopped by Jonathan Bernier with a rebound.
9:03 of 3rd period - Slapshot by Ilya Kovalchuk.
9:03 of 3rd period - Stopped by Jonathan Bernier without a rebound.
9:04 of 3rd period - Jonathan Toews wins face-off versus Marc Savard in Canadiens zone.
9:13 of 3rd period - Snap shot by Patrick Sharp.
9:13 of 3rd period - Stopped by Cam Ward with a rebound.
10:01 of 3rd period - Slapshot by Ilya Kovalchuk.
10:01 of 3rd period - Shot Misses the Net.
10:03 of 3rd period - Wrist shot by Ilya Kovalchuk.
10:03 of 3rd period - Shot Misses the Net.
10:26 of 3rd period - Ilya Kovalchuk is hit by Patrick Sharp and loses puck.
10:31 of 3rd period - Wrist shot by Marc Savard.
10:31 of 3rd period - Shot Misses the Net.
10:41 of 3rd period - Danny Richmond is hit by Marc Savard and loses puck.
10:58 of 3rd period - Wrist shot by Ilya Kovalchuk.
10:58 of 3rd period - Shot Misses the Net.
11:12 of 3rd period - Snap shot by Ted Purcell.
11:12 of 3rd period - Stopped by Jonathan Bernier without a rebound.
11:13 of 3rd period - Brooks Laich wins face-off versus Paul Stastny in Canadiens zone.
12:39 of 3rd period - Matt Carle is hit by Tomas Fleischmann.
12:53 of 3rd period - Cam Janssen is hit by Peter Regin and loses puck.
13:08 of 3rd period - Snap shot by Patrick Kane.
13:08 of 3rd period - Shot Misses the Net.
15:36 of 3rd period - Oleg Saprykin is hit by Marek Svatos and loses puck.
15:40 of 3rd period - Icing by Zach Bogosian.
15:41 of 3rd period - Marc Savard wins face-off versus Paul Stastny in Oilers zone.
15:42 of 3rd period - Snap shot by Marek Svatos.
15:42 of 3rd period - Stopped by Cam Ward with a rebound.
16:40 of 3rd period - Slapshot by Marc Savard.
16:40 of 3rd period - Stopped by Cam Ward with a rebound.
16:52 of 3rd period - Snap shot by Paul Stastny.
16:52 of 3rd period - Stopped by Jonathan Bernier with a rebound.
16:54 of 3rd period - Snap shot by Paul Stastny.
16:54 of 3rd period - Shot Misses the Net.
16:56 of 3rd period - Slapshot by David Hale.
16:56 of 3rd period - Stopped by Jonathan Bernier with a rebound.
16:58 of 3rd period - Snap shot by Tomas Fleischmann.
16:58 of 3rd period - Stopped by Jonathan Bernier without a rebound.
16:59 of 3rd period - Dustin Boyd wins face-off versus Jonathan Toews in Canadiens zone.
17:12 of 3rd period - Slapshot by Danny Richmond.
17:12 of 3rd period - Shot Misses the Net.
17:14 of 3rd period - Wrist shot by Jonathan Toews.
17:14 of 3rd period - Stopped by Jonathan Bernier without a rebound.
17:15 of 3rd period - Maxim Talbot wins face-off versus Peter Regin in Canadiens zone.
17:40 of 3rd period - Kurt Sauer is hit by Marek Svatos and loses puck.
17:54 of 3rd period - Minor Penalty to Patrick Sharp for Hooking.
17:55 of 3rd period - Jonathan Toews wins face-off versus Maxim Talbot in Canadiens zone.
17:58 of 3rd period - Snap shot by Patrick Kane.
17:58 of 3rd period - Stopped by Jonathan Bernier with a rebound.
18:00 of 3rd period - Snap shot by Patrick Kane.
18:00 of 3rd period - Shot Blocked by Ladislav Smid.
18:02 of 3rd period - Slapshot by Stephane Robidas.
18:02 of 3rd period - Shot Misses the Net.
18:04 of 3rd period - Slapshot by Stephane Robidas.
18:04 of 3rd period - Shot Misses the Net.
18:06 of 3rd period - Slapshot by Stephane Robidas.
18:06 of 3rd period - Stopped by Jonathan Bernier with a rebound.
18:08 of 3rd period - Wrist shot by Patrick Kane.
18:08 of 3rd period - Shot Misses the Net.
18:10 of 3rd period - Snap shot by Ian White.
18:10 of 3rd period - Goal by Ian White - Oilers : 5 - Canadiens : 4.
18:11 of 3rd period - Jonathan Toews wins face-off versus Devin Setoguchi in neutral zone.
18:16 of 3rd period - Slapshot by Jonathan Toews.
18:16 of 3rd period - Shot Misses the Net.
18:55 of 3rd period - Canadiens, Jonathan Bernier is pulled from the net.
19:01 of 3rd period - Snap shot by Patrick Sharp.
19:01 of 3rd period - Shot Misses the Net.
19:17 of 3rd period - Slapshot by Marek Svatos.
19:17 of 3rd period - Shot Misses the Net.
19:19 of 3rd period - Wrist shot by Patrick Sharp.
19:19 of 3rd period - Stopped by Cam Ward without a rebound.
19:20 of 3rd period - Kirk Muller call a timeout for Canadiens.
19:20 of 3rd period - Marc Savard wins face-off versus Ilya Kovalchuk in Oilers zone.
19:40 of 3rd period - Minor Penalty to Ilya Kovalchuk for High sticking.
19:41 of 3rd period - Oleg Saprykin wins face-off versus Brooks Laich in Oilers zone.
19:41 of 3rd period - Oleg Saprykin is hit by Brooks Laich.
Goals for this period are 3 for Oilers vs 2 for Canadiens.
Shots for this period are 17 for Oilers vs 11 for Canadiens.
Back to the Top